 Dungeon Crawl Stone Soup version 0.25-a0-614-g73ad250637 (webtiles) character file.

Game seed: 15278005970201300670, levelgen mode: deterministic

150434 mopl the Earth Mage (level 16, -1/73 HPs)
             Began as a Deep Elf Earth Elementalist on Mar 17, 2020.
             Was the Champion of Dithmenos.
             Slain by an Executioner (14 damage)
             ... on level 4 of the Abyss.
             The game lasted 01:53:28 (31279 turns).

mopl the Earth Mage (Deep Elf Earth Elementalist)  Turns: 31279, Time: 01:53:28

Health: -1/73      AC: 10    Str: 10      XL:     16   Next: 98%
Magic:  0/41       EV: 22    Int: 22 (23) God:    Dithmenos [******]
Gold:   1969       SH: 12    Dex: 19      Spells: 9/35 levels left

rFire    + . .     SeeInvis .   a - +8 dagger of the Blue Skies {venom, rC+}
rCold    + + .     Gourm    .   N - +2 kite shield
rNeg     . . .     Faith    .   R - +1 leather armour of Contentment {Str+4 Slay+2}
rPois    .         Spirit   +   s - +0 helmet
rElec    .         Reflect  .   j - scarf {rC+ rF+}
rCorr    .         Harm     .   Z - +2 pair of gloves
MR       ++...     Rnd*Rage +   Y - +1 pair of boots {Stlth+} Stlth ++++++++++Rnd*Tele +
                                V - amulet of guardian spirit
HPRegen  0.22/turn              A - ring of magical power
MPRegen  0.27/turn              X - +4 ring of evasion

@: wreathed by umbra, drained
A: berserk 1[+2], blurry vision 1, deterioration 1, [frail 2], magic resistance
1, [teleportitis 2]
a: Shadow Step, Shadow Form, Renounce Religion


You were on level 4 of the Abyss.
You worshipped Dithmenos.
Dithmenos was exalted by your worship.
You were not hungry.

You visited 5 branches of the dungeon, and saw 27 of its levels.
You visited the Abyss 1 time.
You also visited: Bailey.

You collected 3133 gold pieces.
You spent 1164 gold pieces at shops.

Inventory:

Hand Weapons
 a - the +8 dagger of the Blue Skies (weapon) {venom, rC+}
   (You bought it in a shop on level 2 of the Orcish Mines)

   It poisons the flesh of those it strikes.
   It protects you from cold.
 b - a +3 dagger of electrocution
 S - a +7 dagger
Missiles
 i - 11 boomerangs of dispersal
 v - 404 stones
 G - 92 poisoned darts (quivered)
 L - 68 boomerangs
Armour
 j - a scarf of resistance (worn)
 s - a +0 helmet (worn)
 N - a +2 kite shield (worn)
 R - the +1 leather armour of Contentment (worn) {Str+4 Slay+2}
   (You found it on level 11 of the Dungeon)

   It affects your strength (+4).
   It affects your accuracy and damage with ranged weapons and melee attacks
   (+2).
 Y - a +1 pair of boots of stealth (worn)
 Z - a +2 pair of gloves (worn)
Jewellery
 o - an uncursed ring of flight
 t - an uncursed ring of see invisible
 A - a ring of magical power (left hand)
 V - an amulet of guardian spirit (around neck)
 X - a +4 ring of evasion (right hand)
Wands
 p - a wand of flame (25)
 D - a wand of clouds (2)
 H - a wand of paralysis (17)
 J - a wand of polymorph (58)
 K - a wand of acid (17)
 Q - a wand of enslavement (21)
Scrolls
 d - a scroll of summoning
 g - a scroll of enchant weapon
 h - 2 scrolls of blinking
 l - 3 scrolls of teleportation
 n - 5 scrolls of magic mapping
 u - 3 scrolls of fog
 w - 4 scrolls of immolation
 x - 3 scrolls of identify
 y - 2 scrolls of amnesia
 B - 2 scrolls of remove curse
 E - a scroll of vulnerability
 F - 3 scrolls of silence {!r}
 P - 3 scrolls of fear
 U - 3 scrolls of enchant armour
Potions
 e - 4 potions of might
 f - 2 potions of lignification {!q}
 k - 4 potions of ambrosia
 m - 3 potions of brilliance
 q - 4 potions of heal wounds
 r - 7 potions of curing
 z - 7 potions of stabbing
 C - 3 potions of magic
 I - 2 potions of berserk rage {!q}
 M - a potion of invisibility
 O - 4 potions of haste
 T - 2 potions of cancellation
 W - a potion of resistance
Comestibles
 c - 47 rations


   Skills:
 + Level 7.6(7.0) Fighting
 + Level 10.0(9.3) Short Blades
 + Level 11.0(10.3) Dodging
 + Level 14.2(13.4) Stealth
 + Level 7.5(6.8) Shields
 + Level 10.4(9.6) Spellcasting
 + Level 4.7(4.1) Conjurations
 + Level 4.8(4.2) Charms
 - Level 10.0(9.2) Transmutations
 + Level 1.9(1.3) Fire Magic
 * Level 15.1(14.3) Earth Magic
 + Level 10.5(9.8) Invocations
 - Level 10.0(9.2) Evocations


You had 9 spell levels left.
You knew the following spells:

 Your Spells              Type           Power        Failure   Level  Hunger
a - Sandblast             Erth           ######       1%          1    None
b - Stone Arrow           Conj/Erth      ######       1%          3    None
c - Petrify               Tmut/Erth      ######..     1%          4    ##.....
d - Bolt of Magma         Conj/Fire/Erth #####.....   41%         5    ####...
k - Lee's Rapid Deconstr  Erth           ######....   1%          5    ####...
p - Passwall              Tmut/Erth      ######..     1%          2    None
D - Deflect Missiles      Chrm/Air       ###.......   100%        6    ######.

Your spell library contained the following spells:

 Spells                   Type           Power        Failure   Level  Hunger
 Beastly Appendage        Tmut           ######       1%          1    None
 Sticks to Snakes         Tmut           ######..     1%          2    None
 Infusion                 Chrm           ####         4%          1    None
 Song of Slaying          Chrm           ####....     7%          2    None
 Shock                    Conj/Air       ###.         11%         1    None
 Spider Form              Tmut/Pois      ####......   11%         3    None
 Leda's Liquefaction      Hex/Erth       #####.....   13%         4    ##.....
 Shroud of Golubria       Chrm/Tloc      ###...       16%         2    None
 Blade Hands              Tmut           ######....   16%         5    ####...
 Corona                   Hex            ##.....      24%         1    None
 Ozocubu's Armour         Chrm/Ice       ###.....     30%         3    None
 Spectral Weapon          Hex/Chrm       ###.....     30%         3    None
 Statue Form              Tmut/Erth      ######...    30%         6    ######.
 Slow                     Hex            ##......     36%         2    None
 Ice Form                 Ice/Tmut       ####....     36%         4    ##.....
 Inner Flame              Hex/Fire       ##......     50%         3    None
 Frozen Ramparts          Ice            ##....       58%         3    None
 Portal Projectile        Hex/Tloc       ##....       58%         3    None
 Iron Shot                Conj/Erth      ######....   65%         6    ######.
 Airstrike                Air            ##........   94%         4    ##.....
 Cause Fear               Hex            ##........   94%         4    ##.....
 Summon Lightning Spire   Summ/Air       ##......     94%         4    ##.....
 Metabolic Englaciation   Hex/Ice        ##........   100%        5    ####...
 Silence                  Hex/Air        ##........   100%        5    ####...
 Summon Forest            Summ/Tloc      ##........   100%        5    ####...
 Summon Mana Viper        Hex/Summ       ##......     100%        5    ####...
 Conjure Ball Lightning   Conj/Air       ###.......   100%        6    ######.
 Shadow Creatures         Summ           N/A          100%        6    ######.
 Shatter                  Erth           ######....   100%        9    #######
 Tornado                  Air            ##........   100%        9    #######


Dungeon Overview and Level Annotations

Branches:
Dungeon (15/15)            Temple (1/1) D:4            Lair (6/6) D:9
 Shoals (0/4) Lair:3        Snake (0/4) Lair:3        Slime (0/5) Lair:5
    Orc (2/2) D:9             Elf (3/3) Orc:2        Vaults (0/5) D:14
 Depths (0/5) D:15         Bailey (visited)

Altars:
Ashenzari
Cheibriados
Dithmenos
Elyvilon
Fedhas
Gozag
Hepliaklqana
Kikubaaqudgha
Makhleb
Okawaru
Qazlal
Ru
Trog
Wu Jian
Xom
Yredelemnul
Zin
The Shining One
Beogh

Shops:
D:11 }   Orc:2 :*[(

Annotations:
D:11 1 runed translucent door, exclusion: door
Lair:2 Gastronok
Lair:5 3 runed translucent doors, StormphoenixUK's ghost, journeyman HOMo
Orc:1 2 transporters
Elf:2 3 runed translucent doors
Elf:3 1 exclusion


Innate Abilities, Weirdness & Mutations

Scrolls take you a little longer to read.
Your body sometimes deteriorates upon taking damage.
You are resistant to hostile enchantments. (MR+)
[You have an uncontrollable temper.]
[You are very frail. (-20% HP)]
[You are sometimes teleported next to monsters.]


Message History

Aim: an Executioner (moderately wounded, fast, umbra)
The stone arrow hits the Executioner!
The Executioner is moderately wounded.
You block the Executioner's attack.
The Executioner hits you but does no damage. x2
The Executioner hits you! The Executioner completely misses you.
The Executioner barely misses you.
The Executioner hits you but does no damage.
The Executioner hits you. You block the Executioner's attack.
Really read with blurry vision while enemies are nearby?
You block the Executioner's attack. x2
The Executioner hits you but does no damage.
You begin reading the scroll.
You continue reading the scroll.
You block the Executioner's attack. The Executioner misses you.
The Executioner closely misses you. The Executioner hits you!!
* * * LOW HITPOINT WARNING * * *
You emit a cloud of dark smoke.
You block the Executioner's attack.
The Executioner hits you but does no damage.
The Executioner hits you!
You die...

...#.# #
.##.#..## #
#.##..# ## #
#..# ### #
#..# #.. #
..##...##..#
#
#.........#
#.# . ..
#...#.§##..#
#.. .
..##.#@.# .
.#..#. #1#§#
...
.#.#..#..#X#
#...#.
.....#.#
#.##
.A##.#.. ..
.... .. #.
... .# X. .#
. #.


You could see a profane servitor, an Executioner and 2 large abominations.

Vanquished Creatures
  Rupert (Lair:6)
  A tentacled starspawn (Abyss:3)
  Kirke (Lair:4)
  Roxanne (Elf:2)
  A deep elf sorcerer (Elf:1)
  An orc warlord (Orc:2)
  A deep elf elementalist (Elf:1)
  A slime creature (D:14)
  2 deep elf demonologists
  Snorg (Lair:6)
  A deep elf high priest (Elf:3)
  A great orb of eyes (Abyss:4)
  9 hydras
  A rakshasa (Abyss:3)
  2 centaur warriors
  4 catoblepae
  12 two-headed ogres
  7 dancing weapons
  An ogre mage (D:14)
  6 death yaks (Lair:6)
  3 tengu warriors
  5 orc high priests
  Urug (Lair:6)
  A thrashing horror (Abyss:3)
  5 deep elf knights
  5 skeletal warriors (D:13)
  4 unseen horrors
  3 wizards
  2 starcursed masses (Abyss:3)
  3 large abominations (Abyss:3)
  10 deep elf archers
  54 deep elf magi
  A necromancer (D:15)
  A wolf spider zombie (D:14)
  6 orc knights
  An ugly thing (D:9)
  A mana viper (Abyss:3)
  7 cyclopes
  7 orc sorcerers
  4 manticores
  A worldbinder (Abyss:3)
  An apocalypse crab (Abyss:3)
  4 black mambas
  A dire elephant zombie (Abyss:3)
  A smoke demon (Abyss:4)
  5 elephants
  3 centaur zombies
  2 molten gargoyles (Lair:3)
  10 spiny frogs
  3 gargoyles
  A water nymph (Abyss:3)
  A kobold demonologist (Elf:1)
  3 tengu conjurers
  An efreet (D:13)
  2 yaktaurs (D:14)
  7 komodo dragons
  A harpy zombie (Abyss:3)
  2 polar bears
  An ancient zyme (Abyss:3)
  7 trolls
  A snapping turtle (Lair:3)
  4 raiju
  8 blink frogs
  A meliai zombie (D:14)
  5 hippogriffs
  2 centaur simulacra (D:15)
  An air elemental (Elf:2)
  A shadow (D:10)
  A spriggan (D:7)
  3 small abominations
  A wraith (D:14)
  3 water elementals
  A fire elemental (Elf:1)
  4 hogs (Lair:4)
  69 yaks
  3 wyverns
  3 basilisks
  A chaos spawn (Abyss:4)
  8 vampire mosquitoes
  3 neqoxecs (Abyss:3)
  A hungry ghost (D:8)
  A steam dragon (D:9)
  2 wargs (Orc:1)
  An acid dragon (D:15)
  7 porcupines
  14 water moccasins
  3 ice beasts
  A phantom (D:6)
  4 black bears
  36 orc warriors
  3 eyes of draining
  4 sky beasts
  A necrophage (D:8)
  13 ogres
  2 boggarts
  A fire dragon simulacrum (Abyss:3)
  6 wolves (Lair:5)
  14 centaurs
  18 crocodiles
  10 big kobolds
  14 bullfrogs
  4 gnoll sergeants
  2 earth elementals
  A water moccasin zombie (D:9)
  4 scorpions
  17 killer bees
  4 wights (D:11)
  4 electric eels
  4 howler monkeys
  8 crimson imps
  4 bullfrog zombies
  5 lava snakes (Lair:3)
  21 orc priests
  2 quasits
  7 centaur skeletons
  2 hounds
  An iron imp (D:8)
  5 jellies
  A bullfrog skeleton (D:10)
  3 iguanas
  30 orc wizards
  7 worker ants
  2 hound skeletons
  A mummy (D:5)
  19 gnolls
  3 howler monkey skeletons
  11 adders
  4 shadow imps
  2 oozes
  2 adder skeletons (D:4)
  2 worms
  3 dart slugs
  4 leopard geckos
  77 orcs
  4 bats
  4 giant cockroaches
  8 goblins
  8 hobgoblins
  21 jackals
  37 kobolds
  14 quokkas
  3 ball pythons
  5 frilled lizards
  2 gnoll zombies (D:5)
  2 goblin skeletons (D:8)
  2 goblin zombies (D:8)
  A hobgoblin zombie (D:8)
  A kobold skeleton (D:8)
  4 kobold zombies
  2 orc skeletons (D:8)
  2 orc zombies
  11 rats
  3 fungi
915 creatures vanquished.

Vanquished Creatures (collateral kills)
  A tengu reaver (Abyss:3)
  A worldbinder (Abyss:3)
  A water elemental (Abyss:3)
  A neqoxec (Abyss:3)
  A shadow imp (D:10)
5 creatures vanquished.

Vanquished Creatures (others)
  A thorn hunter (Abyss:3)
  A deep elf mage (Elf:3)
  5 bushes (Lair:6)
  26 fungi
  A lurking horror (Abyss:3)
  23 plants
  20 starspawn tentacles (Abyss:3)
  3 toadstools (D:15)
80 creatures vanquished.

Grand Total: 1000 creatures vanquished

Notes
Turn   | Place    | Note
-------+----------+-------------------------------------------
     0 | D:1      | mopl the Deep Elf Earth Elementalist began the quest for
                  | the Orb.
     0 | D:1      | Reached XP level 1. HP: 10/10 MP: 6/6
    86 | D:1      | Reached XP level 2. HP: 12/15 MP: 4/8
   231 | D:1      | Found an iron altar of Okawaru.
   444 | D:1      | Reached skill level 3 in Stealth
   529 | D:1      | Reached XP level 3. HP: 19/19 MP: 3/10
   613 | D:2      | Learned a level 2 spell: Passwall
   617 | D:2      | Learned a level 3 spell: Stone Arrow
   654 | D:2      | Reached skill level 4 in Spellcasting
   654 | D:2      | Reached skill level 4 in Earth Magic
   742 | D:2      | Reached XP level 4. HP: 21/24 MP: 8/12
   772 | D:2      | Reached skill level 1 in Short Blades
  2437 | D:4      | Reached XP level 5. HP: 28/28 MP: 11/13
  2446 | D:4      | Reached skill level 1 in Conjurations
  2457 | D:4      | Learned a level 4 spell: Petrify
  2565 | D:4      | Found a staircase to the Ecumenical Temple.
  2585 | Temple   | Entered the Ecumenical Temple
  2737 | Temple   | Became a worshipper of Dithmenos the Shadowed
  2900 | D:4      | Reached skill level 2 in Transmutations
  3016 | D:4      | Reached skill level 5 in Spellcasting
  3426 | D:5      | Entered Level 5 of the Dungeon
  3854 | D:5      | Reached XP level 6. HP: 29/32 MP: 11/15
  3890 | D:5      | Noticed an ice beast
  3898 | D:5      | Killed an ice beast
  3898 | D:5      | Reached skill level 4 in Stealth
  3898 | D:5      | Reached skill level 5 in Earth Magic
  3909 | D:5      | Reached skill level 1 in Invocations
  3933 | D:5      | Noticed a sky beast
  3941 | D:5      | Killed a sky beast
  3941 | D:5      | Reached skill level 2 in Short Blades
  3942 | D:5      | Reached XP level 7. HP: 16/36 MP: 12/17
  3947 | D:5      | Reached skill level 2 in Conjurations
  4421 | D:5      | Found a basalt altar of Yredelemnul.
  4624 | D:6      | Reached skill level 6 in Spellcasting
  4639 | D:6      | Reached skill level 5 in Stealth
  4646 | D:6      | Learned a level 5 spell: Lee's Rapid Deconstruction
  4779 | D:6      | Reached skill level 2 in Invocations
  4848 | D:6      | Reached skill level 3 in Transmutations
  5101 | D:6      | Reached XP level 8. HP: 13/41 MP: 12/19
  5420 | D:6      | Reached skill level 6 in Earth Magic
  5420 | D:6      | Reached skill level 1 in Evocations
  5437 | D:6      | Found an ancient bone altar of Kikubaaqudgha.
  5489 | D:6      | Reached * piety under Dithmenos
  5633 | D:6      | Found an ornate altar of the Wu Jian Council.
  5763 | D:7      | Reached skill level 6 in Stealth
  5929 | D:7      | Found a flagged portal.
  5932 | D:7      | Reached skill level 3 in Conjurations
  5932 | D:7      | Reached skill level 7 in Spellcasting
  5951 | Bailey   | Entered a bailey
  6273 | Bailey   | Noticed an orc knight
  6323 | Bailey   | Killed an orc knight
  6323 | Bailey   | Reached skill level 3 in Short Blades
  6323 | Bailey   | Reached skill level 3 in Invocations
  6323 | Bailey   | Reached skill level 2 in Evocations
  6414 | Bailey   | Gained mutation: You are resistant to hostile enchantments.
                  | (MR+) [mutagenic glow]
  6509 | Bailey   | Gained mutation: Your body sometimes deteriorates upon
                  | taking damage. [mutagenic glow]
  6736 | Bailey   | Found a burning altar of Makhleb.
  6738 | Bailey   | Reached XP level 9. HP: 45/45 MP: 18/22
  6866 | D:7      | Reached skill level 4 in Transmutations
  6873 | D:7      | Reached skill level 7 in Stealth
  6873 | D:7      | Reached skill level 7 in Earth Magic
  7102 | D:7      | Reached ** piety under Dithmenos
  7102 | D:7      | Reached skill level 8 in Spellcasting
  7453 | D:7      | Reached skill level 3 in Evocations
  7505 | D:7      | Reached skill level 4 in Conjurations
  7750 | D:8      | Noticed a two-headed ogre
  7768 | D:8      | Killed a two-headed ogre
  7768 | D:8      | Reached skill level 1 in Fighting
  7768 | D:8      | Reached skill level 4 in Short Blades
  7768 | D:8      | Reached skill level 3 in Dodging
  7768 | D:8      | Reached skill level 8 in Stealth
  7768 | D:8      | Reached skill level 8 in Earth Magic
  7768 | D:8      | Reached skill level 4 in Invocations
  7826 | D:8      | Reached XP level 10. HP: 51/52 MP: 24/24
  7833 | D:8      | Found a shattered altar of Ashenzari.
  7879 | D:8      | Noticed a two-headed ogre
  7891 | D:8      | Killed a two-headed ogre
  7891 | D:8      | Reached skill level 5 in Transmutations
  7891 | D:8      | Reached skill level 4 in Evocations
  7908 | D:8      | Found a glowing golden altar of the Shining One.
  7975 | D:8      | Reached *** piety under Dithmenos
  8586 | D:8      | Reached skill level 4 in Dodging
  8586 | D:8      | Reached skill level 9 in Stealth
  8812 | D:9      | Noticed a two-headed ogre
  8823 | D:9      | Killed a two-headed ogre
  8823 | D:9      | Reached skill level 2 in Fighting
  8823 | D:9      | Reached skill level 5 in Invocations
  8830 | D:9      | Found a hazy altar of Hepliaklqana.
  8923 | D:9      | Noticed a two-headed ogre
  8928 | D:9      | Noticed a manticore
  8950 | D:9      | Reached skill level 9 in Earth Magic
  8962 | D:9      | Killed a manticore
  8962 | D:9      | Reached skill level 5 in Short Blades
  9014 | D:9      | Killed a two-headed ogre
  9014 | D:9      | Reached XP level 11. HP: 57/59 MP: 12/25
  9027 | D:9      | Found a staircase to the Lair.
  9175 | D:9      | Reached **** piety under Dithmenos
  9206 | D:9      | Reached skill level 5 in Dodging
  9208 | D:9      | Reached skill level 10 in Stealth
  9273 | D:9      | Found a staircase to the Orcish Mines.
  9346 | D:9      | Reached skill level 5 in Evocations
  9511 | D:9      | Found Heitics's Antique Weapon Shoppe.
  9553 | D:9      | Found a white marble altar of Elyvilon.
  9596 | D:9      | Reached skill level 6 in Transmutations
  9651 | D:9      | Reached skill level 1 in Shields
  9660 | D:9      | Reached skill level 3 in Fighting
  9853 | D:9      | Noticed a brown ugly thing
  9863 | D:9      | Killed a brown ugly thing
 10364 | D:10     | Entered Level 10 of the Dungeon
 10496 | D:10     | Reached skill level 2 in Shields
 10496 | D:10     | Reached skill level 10 in Earth Magic
 10531 | D:10     | Noticed a catoblepas
 10540 | D:10     | Noticed a deep elf mage
 10777 | D:10     | Reached skill level 6 in Invocations
 10824 | D:10     | Killed a deep elf mage
 10905 | Lair:1   | Entered Level 1 of the Lair of Beasts
 11409 | Lair:1   | Reached ***** piety under Dithmenos
 11409 | Lair:1   | Reached skill level 6 in Dodging
 11766 | Lair:2   | Reached skill level 6 in Short Blades
 11779 | Lair:2   | Reached skill level 3 in Shields
 11779 | Lair:2   | Reached XP level 12. HP: 65/65 MP: 26/26
 11851 | Lair:2   | Noticed Gastronok
 11942 | Lair:2   | Noticed a five-headed hydra
 11958 | Lair:2   | Killed a five-headed hydra
 12001 | Lair:2   | Reached skill level 6 in Evocations
 12274 | Lair:2   | Noticed a seven-headed hydra
 12328 | Lair:2   | Killed a seven-headed hydra
 12386 | Lair:2   | Reached skill level 4 in Fighting
 12416 | Lair:2   | Reached skill level 7 in Transmutations
 13070 | Lair:3   | Reached skill level 11 in Stealth
 13087 | Lair:3   | Found a staircase to the Snake Pit.
 13153 | Lair:3   | Noticed a five-headed hydra
 13162 | Lair:3   | Killed a five-headed hydra
 13162 | Lair:3   | Reached skill level 4 in Shields
 13250 | Lair:3   | Reached skill level 11 in Earth Magic
 13280 | Lair:3   | Noticed a five-headed hydra
 13350 | Lair:3   | Reached skill level 7 in Invocations
 13352 | Lair:3   | Reached skill level 7 in Dodging
 13476 | Lair:3   | Found a staircase to the Shoals.
 13619 | Lair:3   | Killed a five-headed hydra
 13707 | Lair:3   | Found a snail-covered altar of Cheibriados.
 14104 | Lair:4   | Noticed a seven-headed hydra
 14114 | Lair:4   | Killed a seven-headed hydra
 14114 | Lair:4   | Reached XP level 13. HP: 72/72 MP: 27/27
 14207 | Lair:4   | Reached skill level 7 in Evocations
 14278 | Lair:4   | Noticed Kirke
 14290 | Lair:4   | Killed Kirke
 14290 | Lair:4   | Reached skill level 7 in Short Blades
 15131 | Lair:5   | Found a runed translucent gate.
 15131 | Lair:5   | Found a runed translucent gate.
 15132 | Lair:5   | Found a runed translucent gate.
 15135 | Lair:5   | Noticed StormphoenixUK's ghost (journeyman HOMo)
 15138 | Lair:5   | Noticed a dire elephant
 15316 | Lair:4   | Reached skill level 5 in Fighting
 15316 | Lair:4   | Reached skill level 8 in Transmutations
 15813 | Lair:5   | Found a staircase to the Slime Pits.
 16259 | Lair:6   | Entered Level 6 of the Lair of Beasts
 16592 | Lair:6   | Reached skill level 12 in Earth Magic
 16733 | Lair:6   | Found a shimmering altar of Xom.
 16746 | Lair:6   | Noticed Snorg
 16778 | Lair:6   | Killed Snorg
 16778 | Lair:6   | Reached skill level 8 in Dodging
 16778 | Lair:6   | Reached skill level 5 in Shields
 16893 | Lair:6   | Reached ****** piety under Dithmenos
 17036 | Lair:6   | Noticed Rupert
 17283 | Lair:6   | Reached skill level 12 in Stealth
 17283 | Lair:6   | Reached skill level 8 in Invocations
 17321 | Lair:6   | Killed Rupert
 17479 | Lair:6   | Noticed Urug
 17544 | Lair:6   | Killed Urug
 17958 | Lair:6   | Reached XP level 14. HP: 51/78 MP: 3/28
 18134 | Lair:6   | Reached skill level 8 in Evocations
 18624 | Lair:6   | Reached skill level 9 in Transmutations
 18645 | Lair:6   | Identified the Reference Book on Freezing Air
 18958 | Orc:1    | Entered Level 1 of the Orcish Mines
 19240 | Orc:1    | Found a transporter.
 19588 | Orc:1    | Found the +10 zealot's sword {holy, *Rage rN+ EV+3}
 19632 | Orc:1    | Noticed an orc warlord
 19633 | Orc:1    | Found a roughly hewn altar of Beogh.
 19633 | Orc:1    | Found a transporter.
 19708 | Orc:2    | Entered Level 2 of the Orcish Mines
 20024 | Orc:2    | Noticed an orc warlord
 20040 | Orc:1    | Reached skill level 8 in Short Blades
 20136 | Orc:2    | Killed an orc warlord
 20776 | Orc:1    | Reached skill level 9 in Dodging
 20931 | Orc:2    | Found a roughly hewn altar of Beogh.
 21065 | Orc:2    | Reached skill level 13 in Earth Magic
 21419 | Orc:2    | Found Matuir's Antique Armour Shoppe.
 21420 | Orc:2    | Found Osserhu Miex's Antique Weapon Shoppe.
 21421 | Orc:2    | Found Enoy's General Store.
 21421 | Orc:2    | Found Zostri Cari's Book Emporium.
 21436 | Orc:2    | Bought an ichor-stained dagger for 287 gold pieces
 21445 | Orc:2    | Bought a potion of resistance for 150 gold pieces
 21445 | Orc:2    | Bought a scroll of magic mapping for 52 gold pieces
 21445 | Orc:2    | Bought a potion of curing for 45 gold pieces
 21445 | Orc:2    | Bought a potion of magic for 120 gold pieces
 21453 | Orc:2    | Bought a pair of faintly humming gloves for 285 gold pieces
 21453 | Orc:2    | Bought a pair of glowing boots for 225 gold pieces
 21458 | Orc:2    | Identified the cursed +0 pair of gloves "Mookhlapt" {Str-4
                  | Dex+8} (You bought it in a shop on level 2 of the Orcish
                  | Mines)
 21489 | Orc:2    | Identified the +8 dagger of the Blue Skies {venom, rC+}
                  | (You bought it in a shop on level 2 of the Orcish Mines)
 21669 | Orc:2    | Found a staircase to the Elven Halls.
 21875 | D:10     | Reached skill level 6 in Fighting
 22411 | D:11     | Reached skill level 9 in Spellcasting
 22522 | D:11     | Found Amilakea's Gadget Boutique.
 22544 | D:11     | Got a shimmering leather armour
 22571 | D:11     | Identified the +1 leather armour of Contentment {Str+4
                  | Slay+2} (You found it on level 11 of the Dungeon)
 22600 | D:11     | Found a shattered altar of Ashenzari.
 22742 | D:11     | Reached skill level 6 in Shields
 22763 | D:11     | Found a runed translucent door.
 22763 | D:11     | Noticed a frost giant
 22765 | D:11     | Noticed a war gargoyle
 22765 | D:11     | Noticed a stone giant
 23442 | D:12     | Reached XP level 15. HP: 84/84 MP: 11/30
 23498 | D:12     | Reached skill level 10 in Transmutations
 23526 | D:12     | Reached skill level 9 in Invocations
 24712 | D:13     | Reached skill level 9 in Evocations
 24723 | D:13     | Found a shattered altar of Ashenzari.
 24984 | D:13     | Reached skill level 13 in Stealth
 25554 | D:14     | Found a gate to the Vaults.
 25855 | D:14     | Found a hazy altar of Hepliaklqana.
 26150 | D:15     | Entered Level 15 of the Dungeon
 26181 | D:15     | Reached skill level 9 in Short Blades
 26181 | D:15     | Reached skill level 10 in Spellcasting
 26297 | D:15     | Reached skill level 14 in Earth Magic
 26338 | D:15     | Reached skill level 10 in Dodging
 26577 | D:15     | Found a staircase to the Depths.
 27047 | Elf:1    | Entered Level 1 of the Elven Halls
 27265 | Elf:1    | Reached XP level 16. HP: 90/90 MP: 23/32
 27280 | Elf:1    | Gained mutation: Scrolls take you a little longer to read.
                  | [a neqoxec]
 27281 | Elf:1    | Reached skill level 7 in Fighting
 27321 | Elf:1    | Identified the Compendium of the Four Seas
 27343 | Elf:1    | Learned a level 6 spell: Deflect Missiles
 27417 | Elf:1    | Reached skill level 1 in Charms
 27700 | Elf:1    | Reached skill level 7 in Shields
 27759 | Elf:1    | Reached skill level 10 in Invocations
 27791 | Elf:1    | Reached skill level 2 in Charms
 28132 | Elf:2    | Reached skill level 10 in Evocations
 28367 | Elf:2    | Reached skill level 3 in Charms
 28684 | Elf:2    | Noticed Roxanne
 28725 | Elf:2    | Found a runed translucent gate.
 28725 | Elf:2    | Found a runed translucent gate.
 28920 | Elf:2    | Found a runed translucent gate.
 29040 | Elf:2    | Killed Roxanne
 29040 | Elf:2    | Reached skill level 14 in Stealth
 29106 | Elf:2    | Learned a level 5 spell: Bolt of Magma
 29151 | Elf:3    | Entered Level 3 of the Elven Halls
 29348 | Elf:3    | Reached skill level 4 in Charms
 29528 | Elf:3    | Reached skill level 1 in Fire Magic
 29564 | Elf:3    | Cast into level 3 of the Abyss (a deep elf demonologist)
 29619 | Abyss:3  | Noticed a tentacled starspawn
 29704 | Abyss:3  | Noticed a tentacled starspawn
 29886 | Abyss:3  | Reached skill level 15 in Earth Magic
 29921 | Abyss:3  | Found a corrupted altar of Lugonu.
 29933 | Abyss:3  | Found a corrupted altar of Lugonu.
 30104 | Abyss:3  | Noticed a tentacled starspawn
 30119 | Abyss:3  | HP: 1/92 [tentacled starspawn (15)]
 30126 | Abyss:3  | Killed a tentacled starspawn
 30367 | Abyss:3  | Reached skill level 11 in Dodging
 30405 | Abyss:3  | Noticed a tentacled starspawn
 30536 | Abyss:3  | Noticed an Executioner
 30594 | Abyss:3  | Reached skill level 10 in Short Blades
 30645 | Abyss:3  | Noticed a tentacled starspawn
 30691 | Abyss:3  | Noticed a thorn hunter
 30747 | Abyss:3  | Gained mutation: [You tend to lose your temper in combat.]
                  | [a neqoxec]
 30786 | Abyss:3  | Noticed a bone dragon
 31274 | Abyss:4  | Noticed an Executioner
 31276 | Abyss:4  | Noticed a profane servitor
 31279 | Abyss:4  | Slain by an Executioner

Levels and vault maps discovered:
D:1:      minmay_arrival_semitransparent, layout_basic,
          okawaru_ov_weapons_minmay
D:2:      layout_basic
D:3:      layout_basic, first_ration
D:4:      layout_basic, minmay_temple_entry_antechambers
D:5:      layout_basic, lemuel_zombie_altar_yredelemnul, minmay_mini_ossuary
D:6:      layout_loops_ring, marbit_many_paths, lemuel_coloured_pillars_altar
D:7:      layout_basic, enter_bailey_7, the_bakery
D:8:      layout_basic, ashenzari_conservatory_becter,
          nicolae_tso_besieged_by_evil, minmay_misc_feat_nine_boxes
D:9:      layout_rooms, elyvilon_altar_3, old_standard_altar,
          due_lair_maze_entry_diamond, kennysheep_orc_monster_closet_entryway,
          serial_shops, shop, minmay_microvault
D:10:     layout_rooms, minivault_28
D:11:     minmay_gate_of_8, layout_basic, serial_shops, shop, ashenzari_altar_1
D:12:     layout_loops_ring, lightli_minifort
D:13:     layout_rooms, david_defended_altar_elf
D:14:     layout_roguey, hangedman_vaults_entry_quadrant_bands, basic_altar
D:15:     grunt_enter_depths_magical_seal, layout_basic,
          hangedman_abyss_or_decor_stagger, hangedman_decor_riveting,
          serial_bayou_pond_d, minmay_gold_behind_fungi
Temple:   regret_index_temple_generic_petals
Lair:1:   layout_chaotic_city, gammafunk_lair_bear_cave
Lair:2:   layout_regular_city, st_stairs_13, serial_bayou_shore_a,
          grunt_megastairs_1, uniq_gastronok
Lair:3:   cheibrodos_magma_flow, layout_misc_corridors, minmay_shoals_entry_hut,
          lemuel_centaur_altar
Lair:4:   layout_regular_city, lemuel_fruit_tree, infiniplex_staircase_pool,
          grunt_megastairs_5, uniq_kirke
Lair:5:   layout_roguey, dpeg_slime_entry_corner, gammafunk_ghost_split,
          st_stairs_6
Lair:6:   evilmike_catoblepas_cave, layout_hall_layers, serial_forest,
          infiniplex_forest_end_2, infiniplex_forest_end_1,
          infiniplex_forest_corner_1, infiniplex_forest_side_room,
          infiniplex_forest_lined_room_2, infiniplex_forest_lined_3,
          infiniplex_forest_lined_3_way, lemuel_altar_in_water2, uniq_urug,
          uniq_snorg, uniq_rupert
Orc:1:    gammafunk_beogh_shrine, layout_diamond_mine
Orc:2:    st_orc_congregation, layout_diamond_mine, basic_altar
Elf:1:    elf_arrival_002, layout_rooms, minmay_elf_demonology,
          hangedman_elf_disciples
Elf:2:    layout_onion_city, uniq_roxanne
Elf:3:    minmay_elf_hall_quartered_circle, layout_onion_city, serial_shops,
          nicolae_shop_crystal, shop_fountains, shop, nicolae_shop_crystal,
          elves_outpost_lemuel
Abyss:4:  base: D:12, hangedman_relentless_pull, grunt_abyss_rune_wretched_hive,
          due_exit_kobolds

Skill      XL: |  1  2  3  4  5  6  7  8  9 10 11 12 13 14 15 16 |
---------------+-------------------------------------------------+-----
Stealth        | 3 4 5 6 8 9 10 11 12 13 14 | 14.2
Spellcasting   | 4 5 6 7 8 9 10 | 10.4
Earth Magic    | 4 5 6 8 9 10 11 12 13 14 15 | 15.1
Short Blades   | 1 2 3 4 5 6 7 8 9 10 | 10.0
Conjurations   | 1 2 3 4 |  4.7
Transmutations | 2 3 4 5 6 7 8 9 10 | 10.0
Invocations    | 1 2 3 4 5 6 7 8 9 10 | 10.5
Evocations     | 2 3 4 5 6 7 8 9 10 | 10.0
Fighting       | 1 2 3 4 5 6 7 |  7.6
Dodging        | 3 4 6 7 8 9 10 11 | 11.0
Shields        | 3 4 5 6 7 |  7.5
Charms         | 4 |  4.8
Fire Magic     | 1 |  1.9

Action                   |  1- 3 |  4- 6 |  7- 9 | 10-12 | 13-15 | 16-18 || total
-------------------------+-------+-------+-------+-------+-------+-------++-------
Melee: Dagger            |    66 |   188 |   188 |   302 |   906 |   195 ||  1845
Throw: Dart              |       |       |    20 |       |     3 |       ||    23
       Javelin           |       |       |       |     2 |       |       ||     2
 Cast: Sandblast         |    29 |    53 |    48 |    61 |    76 |    69 ||   336
       Passwall          |       |     4 |     5 |    18 |    25 |    38 ||    90
       Petrify           |       |       |    13 |    90 |   194 |    44 ||   341
       Lee's Rapid Decon |       |       |     7 |    22 |    89 |    22 ||   140
       Stone Arrow       |       |       |       |     8 |     6 |     9 ||    23
       Bolt of Magma     |       |       |       |       |       |     1 ||     1
Invok: Shadow Form       |       |       |       |       |     1 |     1 ||     2
 Abil: Evoke Flight      |       |       |     7 |       |     1 |       ||     8
       Stop Flying       |       |       |     1 |       |       |       ||     1
       End Transformatio |       |       |       |       |       |     1 ||     1
Evoke: Wand              |       |       |       |     1 |     1 |    13 ||    15
  Use: Scroll            |       |     6 |     2 |    11 |    12 |     8 ||    39
       Potion            |       |       |       |       |       |    10 ||    10
 Stab: Sleeping          |     7 |    18 |    21 |    40 |    95 |    31 ||   212
       Petrified         |       |       |    11 |    69 |   105 |    19 ||   204
       Distracted        |       |       |     1 |       |       |       ||     1
       Petrifying        |       |       |       |    14 |    43 |    10 ||    67
       Invisible         |       |       |       |       |     4 |     5 ||     9
  Eat: Chunk             |       |     8 |    15 |    29 |    66 |    13 ||   131
       Ration            |       |       |     1 |     1 |     2 |     2 ||     6
Armor: Robe              |    14 |    43 |    28 |    26 |    21 |       ||   132
       Leather armour    |       |       |       |       |    35 |    35 ||    70
Dodge: Dodged            |    58 |   120 |   103 |   189 |   501 |   171 ||  1142
Block: Buckler           |       |       |       |    26 |    96 |       ||   122
       Kite shield       |       |       |       |       |   167 |   139 ||   306

Table legend:
 A = Non-vault XP
 B = Vault XP
 C = Vault XP percentage of total XP
 D = Non-vault monster count
 E = Vault monster count
 F = Vault count percentage of total count
                 A         B        C        D         E       F
            +---------+---------+-------+---------+---------+-------
      Total |  132407 |   82500 |  38.4 |     635 |     283 |  30.8
            +---------+---------+-------+---------+---------+-------
        D:1 |      43 |       0 |   0.0 |      24 |       0 |   0.0
        D:2 |     107 |       0 |   0.0 |      31 |       0 |   0.0
        D:3 |      45 |       0 |   0.0 |      19 |       0 |   0.0
        D:4 |     157 |       0 |   0.0 |      12 |       0 |   0.0
        D:5 |     530 |      25 |   4.5 |      13 |       7 |  35.0
        D:6 |     868 |      36 |   4.0 |      21 |       1 |   4.5
        D:7 |    1428 |     270 |  15.9 |      35 |       5 |  12.5
        D:8 |    3325 |      50 |   1.5 |      29 |      11 |  27.5
        D:9 |    4821 |    3097 |  39.1 |      36 |      29 |  44.6
       D:10 |    2713 |    4955 |  64.6 |      26 |      12 |  31.6
       D:11 |    3624 |       0 |   0.0 |      35 |       0 |   0.0
       D:12 |    8112 |    1517 |  15.8 |      56 |       6 |   9.7
       D:13 |    8343 |       0 |   0.0 |      21 |       0 |   0.0
       D:14 |   14793 |    3842 |  20.6 |      32 |      15 |  31.9
       D:15 |    6205 |    4001 |  39.2 |      17 |       8 |  32.0
     Lair:1 |    1672 |     496 |  22.9 |       9 |       3 |  25.0
     Lair:2 |    5336 |     819 |  13.3 |      14 |       3 |  17.6
     Lair:3 |    7941 |    1797 |  18.5 |      28 |      12 |  30.0
     Lair:4 |    2949 |    4214 |  58.8 |      11 |      10 |  47.6
     Lair:5 |    6829 |       0 |   0.0 |      33 |       0 |   0.0
     Lair:6 |    5437 |   16319 |  75.0 |      23 |      26 |  53.1
      Orc:1 |    3071 |    1459 |  32.2 |      21 |      15 |  41.7
      Orc:2 |    2438 |   10022 |  80.4 |      14 |      59 |  80.8
      Elf:1 |   11512 |   13199 |  53.4 |      19 |      21 |  52.5
      Elf:2 |   16696 |    3862 |  18.8 |      25 |       3 |  10.7
      Elf:3 |    3448 |    6447 |  65.2 |       6 |      11 |  64.7
    Abyss:3 |    7466 |    5229 |  41.2 |      17 |      10 |  37.0
    Abyss:4 |    2498 |       0 |   0.0 |       8 |       0 |   0.0
     Bailey |       0 |     844 | 100.0 |       0 |      16 | 100.0
            +---------+---------+-------+---------+---------+-------
